 Dungeon Sprint DCSS version 0.32-a0-571-gec57dfcd37 (webtiles) character file.

Game seed: 3383790317377271113

54 rocky1 the Cleaver (level 9, -10/127 HPs)
             Began as a Mountain Dwarf Fighter on Mar 1, 2024.
             Was an Initiate of Gozag.
             Killed from afar by a deep elf pyromancer (15 damage)
             ... with a bolt of fire
             ... in the Dungeon (Sprint VI: "Thunderdome").
             The game lasted 00:03:12 (471 turns).

rocky1 the Cleaver (Mountain Dwarf Fighter)          Turns: 471, Time: 00:03:13

Health: -10/127    AC: 10    Str: 23    XL:     9   Next: 3%
Magic:  9/9        EV: 11    Int:  9    God:    Gozag
Gold:   82         SH:  6    Dex:  9    Spells: 8/8 levels left

rFire   + . .        a - +0 war axe
rCold   + . .        c - +0 buckler
rNeg    . . .        b - +0 scale mail
rPois   +            (no helmet)
rElec   +            o - +0 cloak
rCorr   +            (no gloves)
SInv    .            (no boots)
Will    .....        (no amulet) Stlth
                     (no ring)
HPRegen 0.41/turn    (no ring)
MPRegen 0.11/turn

%: no teleportation
@: berserking (expiring), resistant (expiring), very quick
A: runic magic, artefact enchanting
a: Renounce Religion, Potion Petition, Call Merchant, Bribe Branch


You were in the Dungeon.
You worshipped Gozag.
Gozag was noncommittal.
You visited 1 branch You collected 982 gold pieces.
You spent 900 gold pieces at shops.

Inventory:

Hand Weapons
 a - a +0 war axe (weapon)
Armour
 b - a +0 scale mail (worn)
 c - a +0 buckler (worn)
 o - a +0 cloak (worn)
Wands
 l - a wand of light (2)
 m - a wand of roots (3)
Scrolls
 j - 4 scrolls of blinking
 n - 3 scrolls of fog
Potions
 d - a potion of might
 g - 4 potions of haste
 h - 2 potions of magic


   Skills:
 + Level 9.7 Fighting
 + Level 13.8 Axes
 + Level 10.8 Armour
 + Level 4.5 Dodging
 + Level 9.5 Shields


You had 8 spell levels left.
You didn't know any spells.
Your spell library was empty.

Dungeon Overview and Level Annotations

Branches:
Dungeon (1/1)

Altars:
Cheibriados
Dithmenos
Fedhas
Gozag
Kikubaaqudgha
Makhleb
Okawaru
Qazlal
Ru
Sif Muna
Trog
Uskayaw
Vehumet
Wu Jian
Xom
Yredelemnul
Zin
The Shining One
Beogh
Lugonu

Shops:
D *[=??*?*:[((!!!!


Innate Abilities, Weirdness & Mutations

Your spellcasting is much less encumbered by armour.
You can use scrolls of enchantment on lesser artefacts.


Message History

There is a blossoming altar of Fedhas here.
There is a bloodstained altar of Trog here.
The deep elf pyromancer mumbles some strange words.
A deep elf pyromancer comes into view. It is wielding a +0 dagger.
A deep elf pyromancer comes into view. It is wielding a +0 rapier.
A red film seems to cover your vision as you go berserk!
You feel yourself moving faster!
You feel mighty!
The deep elf pyromancer shouts! x2
You feel a strong urge to attack something.
You block the deep elf pyromancer's attack.
The deep elf pyromancer casts a spell.
You closely miss the deep elf pyromancer.
The deep elf pyromancer gestures at you while chanting.
The bolt of fire hits you! You resist.
* * * LOW HITPOINT WARNING * * *
You block the deep elf pyromancer's attack.
You slice the deep elf pyromancer!!
The deep elf pyromancer is heavily wounded.
You closely miss the deep elf pyromancer.
The deep elf pyromancer is heavily wounded.
The deep elf pyromancer gestures at you while chanting.
The bolt of fire hits you! You resist.
* * * LOW HITPOINT WARNING * * *
The deep elf pyromancer hits you but does no damage.
You closely miss the deep elf pyromancer.
The deep elf pyromancer is heavily wounded.
You slash the deep elf pyromancer!
The deep elf pyromancer is almost dead.
The deep elf pyromancer casts a spell.
You barely miss the deep elf pyromancer.
The deep elf pyromancer is almost dead.
You slash the fire elemental!
You closely miss the deep elf pyromancer.
The deep elf pyromancer is almost dead.
You barely miss the fire elemental.
You start to feel less resistant.
The deep elf pyromancer points at you and mumbles some strange words.
The bolt of fire hits you! You resist.
You die...
Your body crumbles into a pile of gold.

.......ß.# #.ß..).....∩###
.........###...[)........##
......###...###..........⌠#
......# #.<.# #.e........⌠#
......###...###..........⌠#
.........###.......).....##
.......ß.# #.ß..).....∩###
.__......###...E.._._∩##
####.ß........Eß@######
#⌠.........Ee⌠#
###.......)E### #_......○e#
#........_# #_......._#
#∩.......∩# ##∩.....∩##
##.....##


You could see 3 deep elf pyromancers and 4 fire elementals.

Vanquished Creatures
  A deep elf pyromancer (D)
  Pargi (D)
  A gnoll bouda (D)
  Crazy Yiuf (D)
  A hell rat (D)
  3 gnolls (D)
  A river rat (D)
  A quokka (D)
  2 rats (D)
12 creatures vanquished.

Notes
Turn   | Place    | Note
-------+----------+-------------------------------------------
     0 | D        | rocky1 the Mountain Dwarf Fighter began the quest for the
                  | Orb.
     0 | D        | Reached XP level 1. HP: 19/19 MP: 1/1
     4 | D        | Found a corrupted altar of Lugonu.
     4 | D        | Found a stormy altar of Qazlal.
     5 | D        | Found a roughly hewn altar of Beogh.
     5 | D        | Found a shimmering altar of Xom.
     5 | D        | Round 1.
     6 | D        | Found a hide-covered altar of Uskayaw.
    10 | D        | Found a glowing golden altar of the Shining One.
    10 | D        | Found a shadowy altar of Dithmenos.
    11 | D        | Found an iron altar of Okawaru.
    11 | D        | Found an ornate altar of the Wu Jian Council.
    12 | D        | Found a snail-covered altar of Cheibriados.
    12 | D        | Found a blossoming altar of Fedhas.
    12 | D        | Noticed Crazy Yiuf
    13 | D        | Found Rongae's Distillery.
    13 | D        | Found a bloodstained altar of Trog.
    13 | D        | Found Bofanyats's Do-It-Yourself Clinic.
    16 | D        | Killed Crazy Yiuf
    17 | D        | Reached skill level 3 in Axes
    17 | D        | Reached XP level 2. HP: 28/28 MP: 2/2
    17 | D        | Found Vayp Amn's Distillery.
    17 | D        | Found Hing's Bottled Wisdom.
    18 | D        | Found an ancient bone altar of Kikubaaqudgha.
    31 | D        | Found a glowing silver altar of Zin.
    32 | D        | Found a radiant altar of Vehumet.
    33 | D        | Found a shimmering blue altar of Sif Muna.
    34 | D        | Found Seca's Weapon Rack.
    35 | D        | Found a burning altar of Makhleb.
    35 | D        | Found an opulent altar of Gozag.
    35 | D        | Found Finyu's Premium Goods.
    35 | D        | Found Luulagru's Basic Armour.
    35 | D        | Found Asuraf's Miscellaneous Merchandise.
    39 | D        | Found a basalt altar of Yredelemnul.
    45 | D        | Became a worshipper of Gozag Ym Sagoz the Greedy
    49 | D        | Found a sacrificial altar of Ru.
    50 | D        | Found Asyrr's Identification Station.
    51 | D        | Found Retarho's Advanced Armour.
    51 | D        | Found Sora's Jewellery.
    52 | D        | Found Nouffy's Timeless Talismans.
    62 | D        | Found Soics's Magic Scroll Shop.
    63 | D        | Found Vysitas's Magic Scroll Shop.
    63 | D        | Found Odauss's Must-Have Magic.
    64 | D        | Found Hucunt's Staff Store.
    94 | D        | Reached skill level 5 in Fighting
    94 | D        | Reached skill level 5 in Armour
    94 | D        | Reached skill level 5 in Shields
    94 | D        | Reached XP level 3. HP: 20/36 MP: 3/3
   129 | D        | Reached skill level 4 in Axes
   129 | D        | Reached XP level 4. HP: 30/42 MP: 4/4
   138 | D        | Arena points: 12 (+12) [x2]
   190 | D        | Round 2.
   319 | D        | Noticed Pargi
   329 | D        | Killed Pargi
   330 | D        | Reached skill level 7 in Axes
   330 | D        | Reached skill level 1 in Dodging
   330 | D        | Reached XP level 5. HP: 29/51 MP: 5/5
   330 | D        | Arena points: 54 (+42) [x3]
   388 | D        | Round 3.
   412 | D        | Bought 3 potions of experience for 900 gold pieces
   412 | D        | Reached skill level 8 in Axes
   412 | D        | Reached XP level 6. HP: 61/61 MP: 6/6
   413 | D        | Reached skill level 9 in Axes
   413 | D        | Reached skill level 10 in Armour
   413 | D        | Reached XP level 7. HP: 70/70 MP: 7/7
   414 | D        | Reached skill level 12 in Axes
   414 | D        | Reached XP level 8. HP: 78/78 MP: 8/8
   422 | D        | Noticed a deep elf pyromancer
   441 | D        | HP: 1/78 [fire elemental[a deep elf pyromancer] (3)]
   443 | D        | Killed a deep elf pyromancer
   444 | D        | Reached skill level 13 in Axes
   444 | D        | Reached XP level 9. HP: 2/85 MP: 9/9
   446 | D        | Noticed a deep elf pyromancer
   462 | D        | Noticed a deep elf pyromancer
   462 | D        | Noticed a deep elf pyromancer
   467 | D        | HP: 4/127 [deep elf pyromancer/bolt of fire (16)]
   471 | D        | Killed from afar by a deep elf pyromancer

Illustrated notes

Levels and vault maps discovered:
D:        arena_sprint

Skill      XL: |  1  2  3  4  5  6  7  8 |
---------------+-------------------------+-----
Fighting       | 4 5 6 8 9 |  9.7
Axes           | 3 4 7 8 9 12 13 | 13.8
Armour         | 4 5 6 7 9 10 | 10.8
Shields        | 4 5 6 8 9 |  9.5
Dodging        | 1 3 4 |  4.5

Action                     |  1- 3 |  4- 6 |  7- 9 || total
---------------------------+-------+-------+-------++-------
  Melee: War axe           |    15 |    20 |    19 ||    54
  Evoke: Wand              |     4 |     1 |       ||     5
    Use: Potion            |     1 |     2 |     7 ||    10
 Armour: Scale mail        |    23 |    22 |    15 ||    60
  Dodge: Dodged            |     6 |    10 |     5 ||    21
  Block: Buckler           |     6 |     7 |     8 ||    21

Table legend: (Time is in decaauts)
 A = Elapsed time spent in this place.
 B = Non-inter-level travel time spent in this place.
 C = Inter-level travel time spent in this place.
 D = Time resting spent in this place.
 E = Time spent auto-exploring this place.
 F = Levels seen in this place.
 G = Mean time per level.
                   A        B        C        D        E       F      G
               +--------+--------+--------+--------+--------+-----+--------+
         Total |    478 |    478 |      0 |    169 |      0 |   1 |  478.0 |
       Dungeon |    478 |    478 |      0 |    169 |      0 |   1 |  478.0 |
               +--------+--------+--------+--------+--------+-----+--------+

Top non-repeatable levels by time:
       D: 478 daAuts
